[ AOE2 MATCH · #488927764 ]
UnrankedTupi vs Tupi
Player's team · LOSS
Rival team · WIN
[ REPLAY ANALYSIS · EXTRACTED FROM THE RECORDED GAME ]
Feudal
8:50
Castle
22:23
Imperial
39:36
| APM avg | 72.9 |
| APM peak | 102 |
| eAPM avg | 40.6 |
| Villagers / military | 203 / 93 |
Focus
⚔️ 53.2% · 🌾 46.8%
Unknown (2579) ×74 · Petard ×37 · Unknown (2582) ×36 · Archer ×25 · Skirmisher ×17 · Trebuchet (Packed) ×9
Feudal
8:25
Castle
22:03
Imperial
41:01
| APM avg | 115.1 |
| APM peak | 210 |
| eAPM avg | 74.2 |
| Villagers / military | 193 / 168 |
Focus
⚔️ 77.9% · 🌾 22.1%
Skirmisher ×115 · Unknown (2550) ×82 · Archer ×45 · Monk ×5 · Trebuchet (Packed) ×3
Match map
Initial resources + every placement click. Lines = walls · curves = elevation contours. ◆ gold · ⬟ stone · ● berries · ✦ relic · ◌ wall gap
Your base· Open — unwalled flank
DS_Overtaken's base· Open — 3t gap
Smoothed initial terrain · ◌ = detected wall gap · hover for details
Inputs per minute
— TAG_Sitaux - - DS_Overtaken
Build order — TAG_Sitaux
First 150 of 631 actions detected
| 0:00 | Create | Villager (Male) |
| 0:00 | Create | Villager (Male) |
| 0:01 | Build | House |
| 0:02 | Build | House |
| 0:05 | Create | Villager (Male) |
| 0:06 | Create | Villager (Male) |
| 1:09 | Create | Villager (Male) |
| 1:36 | Create | Villager (Male) |
| 1:51 | Create | Villager (Male) |
| 1:56 | Build | Settlement |
| 2:29 | Create | Villager (Male) |
| 2:56 | Create | Villager (Male) |
| 3:34 | Create | Villager (Male) |
| 3:55 | Create | Villager (Male) |
| 4:26 | Create | Villager (Male) |
| 4:44 | Build | Settlement |
| 4:49 | Create | Villager (Male) |
| 5:14 | Create | Villager (Male) |
| 5:48 | Create | Villager (Male) |
| 6:12 | Research | Loom |
| 6:27 | Build | House |
| 6:28 | Build | Palisade Wall |
| 6:36 | Research | Feudal Age |
| 6:36 | Research | Feudal Age |
| 7:18 | Build | Barracks |
| 8:37 | Create | Villager (Male) |
| 8:38 | Build | Settlement |
| 8:50 | Age | Feudal Age |
| 8:55 | Build | Archery Range |
| 9:03 | Create | Villager (Male) |
| 9:07 | Research | Double-Bit Axe |
| 9:12 | Create | Villager (Male) |
| 9:12 | Create | Villager (Male) |
| 9:12 | Create | Villager (Male) |
| 9:35 | Create | Villager (Male) |
| 9:41 | Create | Archer |
| 9:58 | Build | House |
| 10:04 | Create | Skirmisher |
| 10:07 | Create | Villager (Male) |
| 10:08 | Build | Farm |
| 10:22 | Create | Villager (Male) |
| 10:30 | Create | Skirmisher |
| 10:35 | Build | Farm |
| 10:47 | Create | Skirmisher |
| 10:51 | Create | Villager (Male) |
| 10:52 | Build | Farm |
| 11:20 | Create | Skirmisher |
| 11:22 | Create | Villager (Male) |
| 11:37 | Create | Skirmisher |
| 11:50 | Build | Blacksmith |
| 11:51 | Create | Villager (Male) |
| 12:07 | Create | Skirmisher |
| 12:12 | Build | Watch Tower |
| 12:15 | Create | Villager (Male) |
| 12:36 | Research | Fletching |
| 12:38 | Create | Villager (Male) |
| 12:43 | Create | Skirmisher |
| 12:53 | Create | Skirmisher |
| 12:59 | Create | Villager (Male) |
| 13:19 | Create | Villager (Male) |
| 13:20 | Build | Farm |
| 13:22 | Create | Skirmisher |
| 13:44 | Create | Skirmisher |
| 13:47 | Create | Villager (Male) |
| 13:52 | Create | Villager (Male) |
| 13:53 | Create | Skirmisher |
| 13:57 | Build | Farm |
| 14:02 | Build | Farm |
| 14:06 | Research | Padded Archer Armor |
| 14:08 | Create | Villager (Male) |
| 14:17 | Create | Archer |
| 14:29 | Create | Villager (Male) |
| 14:36 | Build | Palisade Wall |
| 14:42 | Build | Archery Range |
| 14:43 | Create | Villager (Male) |
| 14:53 | Create | Skirmisher |
| 15:00 | Create | Villager (Male) |
| 15:10 | Create | Skirmisher |
| 15:19 | Build | Farm |
| 15:25 | Build | Farm |
| 15:35 | Create | Villager (Male) |
| 15:36 | Build | House |
| 15:37 | Create | Skirmisher |
| 15:48 | Build | Palisade Wall |
| 15:58 | Create | Skirmisher |
| 16:00 | Build | Farm |
| 16:02 | Create | Archer |
| 16:08 | Create | Villager (Male) |
| 16:09 | Build | House |
| 16:22 | Build | Watch Tower |
| 16:25 | Create | Archer |
| 16:38 | Create | Archer |
| 17:00 | Create | Villager (Male) |
| 17:01 | Create | Archer |
| 17:01 | Create | Archer |
| 17:19 | Create | Villager (Male) |
| 17:22 | Build | Market |
| 17:23 | Create | Skirmisher |
| 17:31 | Create | Skirmisher |
| 17:46 | Create | Archer |
| 17:49 | Create | Villager (Male) |
| 17:51 | Create | Archer |
| 17:58 | Build | Farm |
| 18:03 | Build | Farm |
| 18:04 | Create | Archer |
| 18:17 | Build | Farm |
| 18:18 | Build | Farm |
| 18:19 | Create | Villager (Male) |
| 18:37 | Build | House |
| 18:42 | Create | Villager (Male) |
| 19:35 | Create | Archer |
| 19:35 | Create | Archer |
| 19:37 | Create | Archer |
| 19:43 | Research | Castle Age |
| 19:55 | Create | Archer |
| 19:55 | Create | Archer |
| 20:08 | Build | Settlement |
| 20:15 | Create | Archer |
| 20:24 | Create | Archer |
| 20:42 | Research | Horse Collar |
| 20:45 | Create | Archer |
| 20:45 | Create | Archer |
| 20:45 | Create | Archer |
| 20:52 | Create | Archer |
| 21:01 | Build | Outpost |
| 21:13 | Create | Archer |
| 21:18 | Research | Gold Mining |
| 21:24 | Create | Archer |
| 21:27 | Build | Outpost |
| 21:34 | Create | Archer |
| 21:42 | Build | House |
| 22:02 | Create | Archer |
| 22:23 | Build | Palisade Gate |
| 22:23 | Age | Castle Age |
| 22:24 | Build | Palisade Wall |
| 22:27 | Build | House |
| 22:28 | Research | Crossbowman (upgrade) |
| 22:29 | Research | Bodkin Arrow |
| 22:29 | Research | Bodkin Arrow |
| 22:32 | Build | Palisade Wall |
| 22:36 | Create | Petard |
| 22:37 | Create | Petard |
| 22:41 | Build | University |
| 22:45 | Create | Villager (Male) |
| 22:46 | Build | House |
| 22:53 | Build | Outpost |
| 23:01 | Create | Petard |
| 23:02 | Create | Petard |
| 23:04 | Create | Petard |
| 23:12 | Create | Villager (Male) |
Build order — DS_Overtaken
First 150 of 611 actions detected
| 0:00 | Create | Villager (Male) |
| 0:00 | Create | Villager (Male) |
| 0:00 | Create | Villager (Male) |
| 0:02 | Build | House |
| 0:02 | Build | House |
| 0:05 | Create | Villager (Male) |
| 0:06 | Create | Villager (Male) |
| 1:03 | Create | Villager (Male) |
| 1:32 | Create | Villager (Male) |
| 1:56 | Build | Settlement |
| 1:57 | Create | Villager (Male) |
| 2:21 | Create | Villager (Male) |
| 3:08 | Create | Villager (Male) |
| 3:14 | Create | Villager (Male) |
| 4:04 | Create | Villager (Male) |
| 4:27 | Create | Villager (Male) |
| 4:28 | Create | Villager (Male) |
| 4:28 | Create | Villager (Male) |
| 4:44 | Build | Barracks |
| 4:55 | Create | Villager (Male) |
| 5:11 | Build | House |
| 5:25 | Create | Villager (Male) |
| 5:40 | Research | Loom |
| 6:13 | Research | Feudal Age |
| 6:13 | Research | Feudal Age |
| 7:13 | Create | Villager (Male) |
| 7:27 | Create | Villager (Male) |
| 7:59 | Build | House |
| 8:25 | Age | Feudal Age |
| 8:26 | Build | Archery Range |
| 8:28 | Research | Double-Bit Axe |
| 8:28 | Research | Double-Bit Axe |
| 8:38 | Build | Settlement |
| 8:59 | Create | Villager (Male) |
| 9:06 | Create | Archer |
| 9:08 | Create | Villager (Male) |
| 9:10 | Build | House |
| 9:32 | Create | Villager (Male) |
| 9:32 | Create | Villager (Male) |
| 9:38 | Create | Archer |
| 9:43 | Build | Blacksmith |
| 10:04 | Create | Villager (Male) |
| 10:05 | Create | Skirmisher |
| 10:24 | Research | Tech 1402 |
| 10:24 | Research | Tech 1402 |
| 10:24 | Create | Villager (Male) |
| 10:36 | Create | Villager (Male) |
| 10:37 | Build | Farm |
| 10:39 | Create | Villager (Male) |
| 10:42 | Build | House |
| 10:49 | Research | Fletching |
| 10:49 | Create | Skirmisher |
| 10:59 | Create | Unit 2550 |
| 11:06 | Build | Farm |
| 11:14 | Create | Villager (Male) |
| 11:18 | Build | House |
| 11:39 | Create | Unit 2550 |
| 11:43 | Create | Villager (Male) |
| 11:53 | Create | Skirmisher |
| 12:00 | Create | Skirmisher |
| 12:07 | Create | Villager (Male) |
| 12:09 | Build | House |
| 12:19 | Create | Unit 2550 |
| 12:26 | Build | Farm |
| 12:28 | Create | Villager (Male) |
| 12:44 | Build | House |
| 12:55 | Create | Villager (Male) |
| 13:00 | Create | Villager (Male) |
| 13:01 | Build | Farm |
| 13:21 | Create | Archer |
| 13:50 | Create | Villager (Male) |
| 13:51 | Build | House |
| 13:53 | Create | Villager (Male) |
| 13:54 | Build | House |
| 13:57 | Build | Farm |
| 13:59 | Create | Archer |
| 14:10 | Create | Villager (Male) |
| 14:14 | Research | Scale Mail Armor |
| 14:14 | Research | Scale Mail Armor |
| 14:15 | Create | Villager (Male) |
| 14:17 | Build | Farm |
| 14:22 | Build | Palisade Wall |
| 14:32 | Create | Villager (Male) |
| 14:45 | Create | Villager (Male) |
| 14:58 | Create | Villager (Male) |
| 15:02 | Create | Villager (Male) |
| 15:02 | Build | Farm |
| 15:03 | Build | Farm |
| 15:04 | Create | Villager (Male) |
| 15:07 | Build | Palisade Wall |
| 15:08 | Create | Villager (Male) |
| 15:10 | Build | Farm |
| 15:15 | Build | Farm |
| 15:19 | Create | Archer |
| 15:23 | Create | Unit 2550 |
| 15:27 | Build | House |
| 15:28 | Create | Villager (Male) |
| 15:48 | Create | Unit 2550 |
| 15:49 | Create | Villager (Male) |
| 16:02 | Create | Villager (Male) |
| 16:12 | Create | Villager (Male) |
| 16:13 | Build | Settlement |
| 16:17 | Create | Unit 2550 |
| 16:18 | Create | Villager (Male) |
| 16:21 | Build | Farm |
| 16:23 | Create | Villager (Male) |
| 16:23 | Build | Farm |
| 16:48 | Create | Unit 2550 |
| 16:49 | Create | Villager (Male) |
| 16:54 | Create | Villager (Male) |
| 17:07 | Create | Unit 2550 |
| 17:21 | Create | Villager (Male) |
| 17:21 | Build | Barracks |
| 17:36 | Create | Villager (Male) |
| 17:39 | Create | Villager (Male) |
| 17:46 | Create | Unit 2550 |
| 18:01 | Build | Palisade Wall |
| 18:01 | Create | Villager (Male) |
| 18:05 | Create | Villager (Male) |
| 18:08 | Create | Villager (Male) |
| 18:09 | Build | Market |
| 18:11 | Build | Palisade Wall |
| 18:11 | Build | Palisade Wall |
| 18:16 | Create | Unit 2550 |
| 18:17 | Create | Unit 2550 |
| 18:20 | Build | Barracks |
| 18:25 | Build | Palisade Wall |
| 18:42 | Build | Watch Tower |
| 18:51 | Create | Villager (Male) |
| 19:05 | Create | Unit 2550 |
| 19:05 | Create | Unit 2550 |
| 19:23 | Research | Castle Age |
| 19:23 | Research | Castle Age |
| 19:23 | Research | Castle Age |
| 19:23 | Research | Castle Age |
| 19:29 | Build | Farm |
| 19:29 | Build | Farm |
| 19:30 | Build | Farm |
| 19:32 | Create | Unit 2550 |
| 19:32 | Create | Unit 2550 |
| 19:40 | Build | Palisade Wall |
| 19:43 | Build | Farm |
| 19:45 | Build | Farm |
| 19:52 | Build | Farm |
| 20:03 | Build | Farm |
| 20:14 | Create | Unit 2550 |
| 20:14 | Create | Unit 2550 |
| 20:20 | Build | Farm |
| 20:21 | Build | Farm |
| 20:23 | Build | Farm |
Match timeline
| 4:44 | DS_Overtaken · first_building Barracks |
| 6:28 | TAG_Sitaux · wall_segment Palisade Wall x5 |
| 7:18 | TAG_Sitaux · first_building Barracks |
| 8:25 | DS_Overtaken · age_up feudal |
| 8:26 | DS_Overtaken · first_building Archery Range |
| 8:50 | TAG_Sitaux · age_up feudal |
| 8:55 | TAG_Sitaux · first_building Archery Range |
| 14:22 | DS_Overtaken · wall_segment Palisade Wall x7 |
| 14:36 | TAG_Sitaux · wall_segment Palisade Wall x1 |
| 15:07 | DS_Overtaken · wall_segment Palisade Wall x1 |
| 15:48 | TAG_Sitaux · wall_segment Palisade Wall x1 |
| 18:01 | DS_Overtaken · wall_segment Palisade Wall x6 |
| 18:11 | DS_Overtaken · wall_segment Palisade Wall x4 |
| 18:11 | DS_Overtaken · wall_segment Palisade Wall x1 |
| 18:25 | DS_Overtaken · wall_segment Palisade Wall x1 |
| 19:18 | DS_Overtaken · first_market_buy 100 food |
| 19:20 | DS_Overtaken · first_market_sell 100 wood |
| 19:24 | TAG_Sitaux · first_market_sell 500 wood |
| 19:26 | TAG_Sitaux · first_market_buy 100 food |
| 19:40 | DS_Overtaken · wall_segment Palisade Wall x1 |
| 22:03 | DS_Overtaken · age_up castle |
| 22:23 | TAG_Sitaux · age_up castle |
| 22:24 | TAG_Sitaux · wall_segment Palisade Wall x1 |
| 22:32 | TAG_Sitaux · wall_segment Palisade Wall x1 |
| 26:05 | TAG_Sitaux · wall_segment Stone Wall x1 |
| 26:06 | TAG_Sitaux · wall_segment Stone Wall x1 |
| 26:08 | TAG_Sitaux · wall_segment Stone Wall x1 |
| 27:59 | TAG_Sitaux · first_building Siege Workshop |
| 28:42 | DS_Overtaken · first_building Monastery |
| 29:32 | TAG_Sitaux · wall_segment Stone Wall x1 |
| 32:25 | TAG_Sitaux · first_building Castle |
| 36:15 | TAG_Sitaux · first_building Monastery |
| 36:21 | TAG_Sitaux · wall_segment Stone Wall x5 |
| 38:12 | TAG_Sitaux · wall_segment Stone Wall x12 |
| 38:17 | TAG_Sitaux · wall_segment Stone Wall x13 |
| 39:23 | DS_Overtaken · first_building Castle |
| 39:36 | TAG_Sitaux · age_up imperial |
| 41:01 | DS_Overtaken · age_up imperial |
| 41:55 | TAG_Sitaux · wall_segment Stone Wall x1 |
| 41:56 | TAG_Sitaux · wall_segment Stone Wall x1 |
| 46:22 | TAG_Sitaux · wall_segment Stone Wall x1 |
| 50:23 | TAG_Sitaux · resign |
[ AI ANALYSIS · 1 CREDIT ]
What really happened in this match?
Wolo.gg analyzes every decision: build order, eco, micro, common mistakes by bracket. Personalized analysis on WhatsApp or Discord in 30 seconds.
Civ guide
Tupi
Perfil
Jugador #212721